[Event "November 21 Early 2023"]
[Site "https://www.chess.com"]
[Date "2023.11.21"]
[Round "6"]
[White "Ilkhomi, Jaloliddin"]
[Black "Shubenkova, Veronika"]
[Result "0-1"]
[Board "62"]
[TimeControl "180+1"]
[WhiteFideId "14700948"]
[BlackFideId "44124040"]
[WhiteElo "2054"]
[BlackElo "1967"]
[WhiteTeam "TJK"]
[BlackTeam "RUS"]
[WhiteClock "0:00:00"]
[BlackClock "0:01:48"]

1. Nf3 d5 2. d4 e6 3. Bf4 Bd6 4. Bg3 f5 5. e3 Nf6 6. Nbd2 O-O 7. Bd3 Ne4 8. Bxd6 Qxd6 9. Ne5 Nd7 10. Nxd7 Bxd7 11. f3 Nxd2 12. Qxd2 e5 13. dxe5 Qxe5 14. O-O-O c5 15. Rhe1 Bc6 16. c3 b5 17. Qe2 Rab8 18. e4 fxe4 19. fxe4 dxe4 20. Bxe4 Qf4+ 21. Qe3 Bxe4 22. Qxf4 Rxf4 23. g3 Rg4 24. h3 Rxg3 25. Rxe4 Rxh3 26. Re7 b4 27. Rg1 bxc3 28. Rgxg7+ Kh8 29. bxc3 Rxc3+ 30. Kd2 Rh3 31. Kc2 Rf8 32. Kd2 Rf2+ 33. Ke1 Rxa2 0-1

[Event "November 21 Early 2023"]
[Site "https://www.chess.com"]
[Date "2023.11.21"]
[Round "6"]
[White "Gavrilov, Maxim"]
[Black "Samunenkov, Ihor"]
[Result "0-1"]
[Board "63"]
[TimeControl "180+1"]
[WhiteFideId "24271454"]
[BlackFideId "14187086"]
[WhiteElo "2157"]
[BlackElo "2473"]
[WhiteTeam "RUS"]
[BlackTeam "UKR"]
[WhiteClock "0:00:02"]
[BlackClock "0:00:42"]

1. d4 d5 2. c4 e6 3. Nc3 a6 4. cxd5 exd5 5. Bf4 Nf6 6. e3 Bd6 7. Nge2 O-O 8. h3 Re8 9. Bxd6 Qxd6 10. Ng3 c5 11. dxc5 Qxc5 12. Be2 Nc6 13. O-O d4 14. exd4 Nxd4 15. Bd3 Qb6 16. Qd2 Bxh3 17. Rae1 Rad8 18. Qg5 h6 19. Qf4 Ne6 20. Qc4 Rd4 21. Na4 Qd6 22. Qc2 Bxg2 23. Kxg2 Rxd3 24. Nc3 h5 25. Rd1 Nf4+ 26. Kh2 h4 27. Nf5 Rh3+ 28. Kg1 Ne2+ 29. Qxe2 Qh2# 0-1

[Event "November 21 Early 2023"]
[Site "https://www.chess.com"]
[Date "2023.11.21"]
[Round "6"]
[White "Tatarinov, Dmitry"]
[Black "aghasiyevkamal"]
[Result "1-0"]
[Board "64"]
[TimeControl "180+1"]
[WhiteFideId "24160067"]
[WhiteElo "2344"]
[BlackElo "2540"]
[WhiteTeam "RUS"]
[WhiteClock "0:01:01"]
[BlackClock "0:00:01"]

1. d4 d5 2. c4 e6 3. Nc3 Nf6 4. cxd5 exd5 5. Bg5 c6 6. e3 Nbd7 7. Bd3 Be7 8. Qc2 h6 9. Bh4 Nh5 10. Bxe7 Qxe7 11. Nge2 Nb6 12. O-O O-O 13. Rae1 Be6 14. f3 c5 15. dxc5 Qxc5 16. Nd4 Nf6 17. Nce2 Qxc2 18. Nxc2 Bd7 19. b3 Rfe8 20. Kf2 Rac8 21. Ncd4 Na8 22. h3 Nc7 23. g4 Ne6 24. h4 Nxd4 25. Nxd4 Rc3 26. Ke2 Rec8 27. Kd2 R3c7 28. Rh1 Ne8 29. g5 h5 30. g6 Nf6 31. gxf7+ Kxf7 32. Rhg1 a5 33. Rg5 a4 34. Reg1 Rg8 35. Bg6+ Ke7 36. Bxh5 axb3 37. axb3 Kd6 38. Bg6 Rh8 39. h5 Rcc8 40. Bf7 Ra8 41. Rxg7 Ra2+ 42. Kd3 Bh3 43. R1g6 Bf1+ 44. Kc3 Ke5 45. Kb4 Nxh5 46. Rg5+ Kf6 47. Bxh5 Rxh5 48. R5g6+ Ke5 49. Re6# 1-0

[Event "November 21 Early 2023"]
[Site "https://www.chess.com"]
[Date "2023.11.21"]
[Round "6"]
[White "Malyi, Viacheslav"]
[Black "Korchmar, Vasiliy"]
[Result "1-0"]
[Board "65"]
[TimeControl "180+1"]
[WhiteFideId "14123983"]
[BlackFideId "24131750"]
[WhiteElo "2291"]
[BlackElo "2372"]
[WhiteTeam "UKR"]
[BlackTeam "RUS"]
[WhiteClock "0:01:17"]
[BlackClock "0:00:04"]

1. d4 Nf6 2. Bg5 d5 3. Bxf6 gxf6 4. e3 e5 5. c4 Bb4+ 6. Nc3 c5 7. Nf3 cxd4 8. exd4 e4 9. Nd2 Nc6 10. cxd5 Bxc3 11. bxc3 Qxd5 12. Bc4 Qg5 13. Qe2 f5 14. O-O O-O 15. f3 e3 16. f4 Qe7 17. Nf3 Re8 18. Ne5 Be6 19. Rf3 Nxe5 20. fxe5 Bxc4 21. Qxc4 Rac8 22. Qd3 f4 23. Rxf4 Qa3 24. Qf5 Qxc3 25. Qxf7+ Kh8 26. Qf6+ Kg8 27. Rg4# 1-0

[Event "November 21 Early 2023"]
[Site "https://www.chess.com"]
[Date "2023.11.21"]
[Round "6"]
[White "brm72"]
[Black "Nazari, Arad"]
[Result "1-0"]
[Board "66"]
[TimeControl "180+1"]
[BlackFideId "12577324"]
[WhiteElo "2537"]
[BlackElo "2100"]
[BlackTeam "IRI"]
[WhiteClock "0:00:20"]
[BlackClock "0:00:01"]

1. e4 c5 2. Nf3 d6 3. d4 cxd4 4. Nxd4 Nf6 5. Nc3 a6 6. Be2 e5 7. Nb3 Be7 8. O-O O-O 9. Re1 Nc6 10. Bf3 b5 11. a4 b4 12. Nd5 Nxd5 13. exd5 Na5 14. Nxa5 Qxa5 15. b3 f5 16. Bb2 Bf6 17. Be2 Qc5 18. Bc4 a5 19. Qe2 Qb6 20. c3 bxc3 21. Bxc3 Ba6 22. Bxa6 Rxa6 23. b4 axb4 24. Bxb4 Rfa8 25. Rab1 Rxa4 26. Bd2 Qc5 27. Rb5 Qc2 28. h3 Ra2 29. Reb1 g6 30. Rb8+ Rxb8 31. Rxb8+ Kf7 32. Qb5 g5 33. Qe8+ Kg7 34. Rb7+ Kh6 35. Qf8+ Kh5 36. Rxh7+ Kg6 37. Qf7# 1-0

[Event "November 21 Early 2023"]
[Site "https://www.chess.com"]
[Date "2023.11.21"]
[Round "6"]
[White "Alinasab, Mobina"]
[Black "Komov, Roman"]
[Result "1/2-1/2"]
[Board "67"]
[TimeControl "180+1"]
[WhiteFideId "12528897"]
[BlackFideId "24175714"]
[WhiteElo "2052"]
[BlackElo "2189"]
[WhiteTeam "IRI"]
[BlackTeam "RUS"]
[WhiteClock "0:00:04"]
[BlackClock "0:00:16"]

1. Nf3 d5 2. g3 Nf6 3. Bg2 c5 4. O-O e6 5. d4 cxd4 6. Nxd4 e5 7. Nb3 Be6 8. c4 Nc6 9. cxd5 Nxd5 10. Bg5 f6 11. Bd2 Be7 12. Nc3 O-O 13. Nxd5 Bxd5 14. Bxd5+ Qxd5 15. Be3 Rfd8 16. Qxd5+ Rxd5 17. Rfd1 Rad8 18. Rxd5 Rxd5 19. Rc1 Kf7 20. Kf1 f5 21. a3 Ke6 22. Ke1 h5 23. Bc5 Bg5 24. Rd1 Rxd1+ 25. Kxd1 Kd5 26. Bf8 Bf6 27. Kc2 g5 28. f3 g4 29. Nd2 e4 30. fxe4+ fxe4 31. e3 Ne5 32. Bh6 Nf3 33. Nb1 Nxh2 34. Bf4 Nf3 35. b3 Ke6 36. a4 Kf5 37. Na3 h4 38. gxh4 Bxh4 39. Nb5 g3 40. Nd6+ Kg4 41. Bxg3 Bxg3 42. Nxe4 b6 43. Kd3 Ne5+ 44. Kd4 Nc6+ 45. Kd5 Nb4+ 46. Kc4 Nc2 47. Kb5 Be5 48. Ka6 Kf3 49. Nd2+ Kxe3 50. Nc4+ Kd4 51. Nxe5 Kxe5 52. Kxa7 Nd4 53. Kxb6 Nxb3 54. a5 Nxa5 1/2-1/2

[Event "November 21 Early 2023"]
[Site "https://www.chess.com"]
[Date "2023.11.21"]
[Round "6"]
[White "Bilan, Danila"]
[Black "Goltsev, Dmitry"]
[Result "0-1"]
[Board "68"]
[TimeControl "180+1"]
[WhiteFideId "24161918"]
[BlackFideId "24176710"]
[WhiteElo "2146"]
[BlackElo "2370"]
[WhiteTeam "RUS"]
[BlackTeam "RUS"]
[WhiteClock "0:00:00"]
[BlackClock "0:01:45"]

1. d4 e6 2. Nf3 d5 3. c4 Nf6 4. Nc3 c5 5. cxd5 exd5 6. g3 Nc6 7. Bg2 Be7 8. O-O O-O 9. dxc5 Bxc5 10. Bg5 Be6 11. Na4 Be7 12. Nd4 Nxd4 13. Qxd4 Rc8 14. Rfc1 b6 15. Rxc8 Qxc8 16. Rc1 Qa6 17. Bf1 h6 18. Bf4 Ne4 19. e3 Qa5 20. b3 b5 21. Nc3 Rc8 22. Nxd5 Rxc1 23. Nxe7+ Kf8 24. Bd6 Bh3 25. Nf5+ Nxd6 26. Qxd6+ Kg8 27. Ne7+ Kh7 0-1

[Event "November 21 Early 2023"]
[Site "https://www.chess.com"]
[Date "2023.11.21"]
[Round "6"]
[White "Lund, Gunnar"]
[Black "De Silva, L M S T"]
[Result "0-1"]
[Board "69"]
[TimeControl "180+1"]
[WhiteFideId "1520814"]
[BlackFideId "9953698"]
[WhiteElo "2233"]
[BlackElo "2372"]
[WhiteTeam "NOR"]
[BlackTeam "SRI"]
[WhiteClock "0:01:09"]
[BlackClock "0:01:09"]

1. d4 Nf6 2. c4 e6 3. g3 d5 4. Nf3 Be7 5. Bg2 O-O 6. O-O dxc4 7. Qc2 a6 8. a4 Nc6 9. Qxc4 Na5 10. Qc2 b6 11. Bd2 Bb7 12. Bxa5 bxa5 13. Nbd2 Nd5 14. Rac1 Rc8 15. Nb3 Nb4 16. Qc3 Na2 17. Qc2 Nxc1 18. Rxc1 Bd5 19. Nc5 Bxc5 20. Qxc5 Qd6 21. Qxa5 Rb8 22. Qc3 Rb3 23. Qc2 Rfb8 24. e4 Rxb2 25. Qd3 R8b3 26. Rc3 Rxc3 27. Qxc3 Rb1+ 28. Ne1 Qc6 29. Qe3 Qc1 30. exd5 Qxe1+ 31. Qxe1 Rxe1+ 32. Bf1 exd5 33. Kg2 a5 34. Bb5 Re4 35. Kf3 Rxd4 36. Ke3 c5 37. Bc6 f6 38. f4 Kf7 39. f5 Ke7 40. Bb5 Kd6 41. Be8 Ke5 42. Bf7 c4 43. Bg8 h6 44. h3 Rd3+ 45. Ke2 Kd4 0-1

[Event "November 21 Early 2023"]
[Site "https://www.chess.com"]
[Date "2023.11.21"]
[Round "6"]
[White "Pourramezanali, Amirreza"]
[Black "Do Nascimento,Christian Almeida"]
[Result "0-1"]
[Board "70"]
[TimeControl "180+1"]
[WhiteFideId "12511412"]
[BlackFideId "2143801"]
[WhiteElo "2302"]
[BlackElo "2118"]
[WhiteTeam "IRI"]
[BlackTeam "BRA"]
[WhiteClock "0:00:16"]
[BlackClock "0:00:41"]

1. e4 c5 2. c3 d5 3. exd5 Qxd5 4. d4 Nf6 5. Nf3 e6 6. Be3 cxd4 7. cxd4 Be7 8. Nc3 Qd8 9. Bd3 O-O 10. O-O Nc6 11. a3 b6 12. Qe2 Bb7 13. Rad1 Nd5 14. Rfe1 Bf6 15. Bb1 Nce7 16. Bc1 Nxc3 17. bxc3 g6 18. Ne5 Qd5 19. f3 Bxe5 20. dxe5 Qc5+ 21. Kh1 Nd5 22. Bh6 Nxc3 23. Bxf8 Qxf8 24. Qd2 Nxd1 25. Rxd1 Qc5 26. Qf4 Qxa3 27. Rd7 Rf8 28. Rxb7 Qa6 29. h4 Qxb7 30. h5 Qe7 31. Kh2 a5 32. Kh3 f5 33. exf6 Qxf6 34. Qg4 Kg7 35. Qe4 Qg5 36. hxg6 Qh6+ 37. Kg4 Qxg6+ 38. Kh3 Qxe4 0-1

[Event "November 21 Early 2023"]
[Site "https://www.chess.com"]
[Date "2023.11.21"]
[Round "6"]
[White "Shoker, Samy"]
[Black "Hajiyev, Kanan"]
[Result "1-0"]
[Board "71"]
[TimeControl "180+1"]
[WhiteFideId "627143"]
[BlackFideId "13404148"]
[WhiteElo "2475"]
[BlackElo "2102"]
[WhiteTeam "EGY"]
[BlackTeam "AZE"]
[WhiteClock "0:00:53"]
[BlackClock "0:00:02"]

1. Nf3 d5 2. g3 Nf6 3. Bg2 c5 4. O-O Nc6 5. d3 g6 6. Nbd2 Bg7 7. e4 O-O 8. c3 e5 9. exd5 Nxd5 10. Re1 Qc7 11. a3 Rd8 12. Rb1 h6 13. Qe2 Bg4 14. h3 Be6 15. c4 Nde7 16. b4 Nf5 17. Ne4 cxb4 18. axb4 b6 19. b5 Ncd4 20. Nxd4 Nxd4 21. Qf1 Rac8 22. Bb2 Nf5 23. Red1 Kh7 24. Nc3 Ne7 25. Qe2 Qd7 26. Kh2 Nf5 27. Ne4 Nd4 28. Bxd4 exd4 29. Ra1 Re8 30. Qa2 Rc7 31. Qa3 Bf8 32. Nf6+ Kh8 33. Nxd7 Bxa3 34. Nf6 Be7 35. Nxe8 Rc8 36. Bc6 a5 37. bxa6 1-0

[Event "November 21 Early 2023"]
[Site "https://www.chess.com"]
[Date "2023.11.21"]
[Round "6"]
[White "Mohammad Fahad, Rahman"]
[Black "Graca, Robert"]
[Result "1-0"]
[Board "72"]
[TimeControl "180+1"]
[WhiteFideId "10207791"]
[BlackFideId "644943"]
[WhiteElo "2339"]
[BlackElo "2204"]
[WhiteTeam "BAN"]
[BlackTeam "FRA"]
[WhiteClock "0:00:51"]
[BlackClock "0:00:00"]

1. Nf3 Nf6 2. d4 c5 3. d5 b5 4. e4 Nxe4 5. a4 b4 6. Bd3 Nd6 7. Be3 c4 8. Be2 Qc7 9. O-O a5 10. Qd4 Ba6 11. Re1 Nf5 12. Qe4 Nxe3 13. Qxe3 d6 14. Nbd2 Nd7 15. Nd4 Nf6 16. Nb5 Bxb5 17. axb5 Nxd5 18. Qf3 e6 19. Bxc4 Nb6 20. Bxe6 fxe6 21. Rxe6+ Kd7 22. Rae1 Rd8 23. Nb3 Nc4 24. Qh3 Kc8 25. Re7+ Rd7 26. Re8+ Kb7 27. Qf3+ d5 28. Rxf8 Rxf8 29. Qxf8 1-0

[Event "November 21 Early 2023"]
[Site "https://www.chess.com"]
[Date "2023.11.21"]
[Round "6"]
[White "Pinto, Daniel"]
[Black "Timerkhanov, Alexander"]
[Result "0-1"]
[Board "73"]
[TimeControl "180+1"]
[WhiteFideId "3303144"]
[BlackFideId "24177938"]
[WhiteElo "2149"]
[BlackElo "2278"]
[WhiteTeam "BOL"]
[BlackTeam "RUS"]
[WhiteClock "0:00:50"]
[BlackClock "0:01:45"]

1. e4 c6 2. d4 d5 3. e5 Bf5 4. h4 h5 5. Bg5 Qb6 6. Bd3 Bxd3 7. Qxd3 e6 8. Ne2 c5 9. O-O Nc6 10. dxc5 Bxc5 11. c4 dxc4 12. Qxc4 Nh6 13. Nd2 Nxe5 14. Qe4 Nhg4 15. Kh1 Bxf2 16. Rac1 O-O 17. Nf3 Ng6 18. b4 Rac8 19. Nc3 Be3 20. Bxe3 Nxe3 21. Rfe1 Ng4 22. Qe2 Nf4 23. Qd2 Nd3 0-1

[Event "November 21 Early 2023"]
[Site "https://www.chess.com"]
[Date "2023.11.21"]
[Round "6"]
[White "reevecanada"]
[Black "Kanyamarala, Tarun"]
[Result "1-0"]
[Board "74"]
[TimeControl "180+1"]
[BlackFideId "45004714"]
[WhiteElo "2695"]
[BlackElo "2318"]
[BlackTeam "IRL"]
[WhiteClock "0:01:15"]
[BlackClock "0:01:11"]

1. e4 c5 2. Nf3 e6 3. b3 a6 4. Bb2 b5 5. d4 cxd4 6. Nxd4 Bb7 7. Nd2 Nc6 8. Bd3 Nf6 9. O-O Bc5 10. Nxc6 Bxc6 11. e5 Nd5 12. Ne4 Be7 13. Qh5 Qb6 14. Qg4 O-O-O 15. Rab1 f5 16. exf6 gxf6 17. Ng3 h5 18. Qd4 Bc5 19. Qh4 Rdg8 20. h3 Qc7 21. Kh1 Nf4 22. Be4 Rxg3 23. fxg3 Ne2 24. Rf3 Bd6 25. Bxc6 Nxg3+ 26. Rxg3 Bxg3 27. Qxf6 Rg8 28. Bf3 1-0

[Event "November 21 Early 2023"]
[Site "https://www.chess.com"]
[Date "2023.11.21"]
[Round "6"]
[White "Kazmin_Semyon"]
[Black "Shuvalova, Polina"]
[Result "0-1"]
[Board "75"]
[TimeControl "180+1"]
[BlackFideId "24171760"]
[WhiteElo "2519"]
[BlackElo "2342"]
[BlackTeam "RUS"]
[WhiteClock "0:01:09"]
[BlackClock "0:02:06"]

1. e4 c6 2. d4 d5 3. e5 Bf5 4. Nf3 e6 5. Be2 Ne7 6. O-O Nd7 7. a4 Ng6 8. a5 a6 9. c3 f6 10. exf6 Qxf6 11. Re1 Bd6 12. Bg5 Qf7 13. Nbd2 O-O 14. Nf1 h6 15. Be3 Nf4 16. Ng3 Nxe2+ 17. Qxe2 Bg4 18. h3 Bxf3 19. gxf3 Qxf3 20. Qxf3 Rxf3 21. Kg2 Raf8 22. Re2 R3f6 23. Rae1 Rg6 24. Bd2 Rxf2+ 25. Rxf2 Bxg3 26. Rxe6 Rxe6 27. Kxg3 Nf6 28. Rg2 Ne4+ 29. Kf4 g5+ 30. Kf5 Rf6+ 31. Ke5 Kf7 32. c4 Re6+ 33. Kf5 Nd6+ 34. Kg4 Nxc4 0-1

[Event "November 21 Early 2023"]
[Site "https://www.chess.com"]
[Date "2023.11.21"]
[Round "6"]
[White "Kochiev, Ivan"]
[Black "Diaz Perez, Michel Alejandro"]
[Result "0-1"]
[Board "76"]
[TimeControl "180+1"]
[WhiteFideId "2917890"]
[BlackFideId "3517179"]
[WhiteElo "2285"]
[BlackElo "2398"]
[WhiteTeam "BUL"]
[BlackTeam "CUB"]
[WhiteClock "0:00:00"]
[BlackClock "0:00:53"]

1. e4 d6 2. d4 Nd7 3. Bd3 Ngf6 4. f4 e5 5. c3 c6 6. Nf3 Qc7 7. O-O Be7 8. Be3 O-O 9. Nbd2 Re8 10. Qe2 Bf8 11. Rae1 b5 12. h3 a5 13. Qf2 b4 14. Qh4 c5 15. fxe5 dxe5 16. d5 Ba6 17. Bxa6 Rxa6 18. g4 bxc3 19. bxc3 Rb8 20. Nc4 Nxe4 21. Nfxe5 Nxe5 22. Nxe5 Qxe5 23. Bf4 Qxc3 24. Bxb8 Qd4+ 25. Kh2 Qxd5 26. Rf5 Qd2+ 27. Kh1 Re6 28. Bf4 Nf2+ 0-1

[Event "November 21 Early 2023"]
[Site "https://www.chess.com"]
[Date "2023.11.21"]
[Round "6"]
[White "Ovetchkin, Roman"]
[Black "Eugene, Floryan"]
[Result "1-0"]
[Board "77"]
[TimeControl "180+1"]
[WhiteFideId "4119991"]
[BlackFideId "20694784"]
[WhiteElo "2381"]
[BlackElo "2369"]
[WhiteTeam "RUS"]
[BlackTeam "FRA"]
[WhiteClock "0:00:21"]
[BlackClock "0:00:00"]

1. d4 f5 2. c4 Nf6 3. Nc3 d6 4. Nf3 g6 5. g3 Bg7 6. Bg2 O-O 7. O-O c6 8. Re1 Na6 9. e4 fxe4 10. Nxe4 Nxe4 11. Rxe4 Bf5 12. Re3 e5 13. Rb3 e4 14. Ng5 Qe7 15. g4 Be6 16. Rxb7 Qxb7 17. Nxe6 Rfe8 18. Nxg7 Kxg7 19. b3 d5 20. Bf4 Nb4 21. Bf1 a5 22. Qd2 Qd7 23. h3 Qe6 24. Re1 Qf7 25. Be5+ Kg8 26. a3 Na6 27. cxd5 cxd5 28. Rc1 Qf3 29. Rc6 Nb8 30. Rc7 1-0

[Event "November 21 Early 2023"]
[Site "https://www.chess.com"]
[Date "2023.11.21"]
[Round "6"]
[White "Trost, Edvin"]
[Black "Kuegel, Tobias"]
[Result "1-0"]
[Board "78"]
[TimeControl "180+1"]
[WhiteFideId "1729519"]
[BlackFideId "4636295"]
[WhiteElo "2385"]
[BlackElo "2213"]
[WhiteTeam "SWE"]
[BlackTeam "GER"]
[WhiteClock "0:00:48"]
[BlackClock "0:00:17"]

1. e4 e5 2. Nf3 Nc6 3. Bc4 Bc5 4. c3 Nf6 5. d3 O-O 6. O-O d5 7. exd5 Nxd5 8. Re1 Bg4 9. h3 Bh5 10. Nbd2 Nb6 11. Bb5 Bd6 12. Qb3 Na5 13. Qd1 Nc6 14. a4 a6 15. Bxc6 bxc6 16. a5 Nd5 17. Qa4 Nf4 18. Qxc6 Nxd3 19. Re3 Nxc1 20. Rxc1 Qe8 21. Qxe8 Rfxe8 22. Rce1 f6 23. Nc4 Bc5 24. Rd3 e4 25. Rd5 exf3 26. Rxe8+ Rxe8 27. Rxc5 Re1+ 28. Kh2 fxg2 29. Kxg2 Bf7 30. Ne3 Re2 31. Rxc7 Rxb2 32. Rc8+ Be8 33. Rxe8+ Kf7 34. Ra8 1-0

[Event "November 21 Early 2023"]
[Site "https://www.chess.com"]
[Date "2023.11.21"]
[Round "6"]
[White "Koellner, Ruben Gideon"]
[Black "Devaev, Alexander"]
[Result "1-0"]
[Board "79"]
[TimeControl "180+1"]
[WhiteFideId "12993093"]
[BlackFideId "4169395"]
[WhiteElo "2347"]
[BlackElo "2172"]
[WhiteTeam "GER"]
[BlackTeam "RUS"]
[WhiteClock "0:00:41"]
[BlackClock "0:00:00"]

1. d4 Nf6 2. Nf3 e6 3. Nbd2 c5 4. e3 b6 5. c3 Bb7 6. Bd3 Be7 7. O-O O-O 8. e4 d6 9. Qe2 cxd4 10. cxd4 Nc6 11. a3 e5 12. d5 Nb8 13. b4 a6 14. Nc4 Nbd7 15. Be3 Ng4 16. Bd2 Ngf6 17. Rfc1 g6 18. Bh6 Re8 19. Nfd2 Nh5 20. g3 Ng7 21. Ne3 b5 22. Nb3 Nb6 23. Na5 Qd7 24. Nxb7 Qxb7 25. Rc6 Rec8 26. Rac1 Ne8 27. f4 Bf6 28. Ng4 Bh8 29. fxe5 dxe5 30. Be3 Na4 31. Qc2 Rxc6 32. Qxc6 Qxc6 33. Rxc6 h5 34. Nf2 Bf6 35. Bc2 Nb2 36. Bb3 Be7 37. Rc2 Na4 38. Nd3 Bd6 39. Rc6 f5 40. exf5 gxf5 41. Bxa4 bxa4 42. Bc5 Rd8 43. Rxa6 Bxc5+ 44. Nxc5 Rxd5 45. Rxa4 Nd6 46. Ra8+ Kf7 47. Ra7+ Kf6 48. Ra6 Rd1+ 49. Kf2 Ke7 50. a4 e4 51. Ke2 Ra1 52. a5 Nc4 53. Ra7+ Kd6 54. Rd7+ Ke5 55. Re7+ Kd6 56. Rf7 Ra2+ 57. Kd1 Ke5 58. a6 e3 59. Re7+ Kd4 60. a7 Ne5 61. Nb3+ Kd3 62. Nc1+ Kc3 63. Nxa2+ 1-0

[Event "November 21 Early 2023"]
[Site "https://www.chess.com"]
[Date "2023.11.21"]
[Round "6"]
[White "Cruz Mendez, Jean Marco"]
[Black "Nagare Kaivalya Sandip"]
[Result "0-1"]
[Board "80"]
[TimeControl "180+1"]
[WhiteFideId "3526402"]
[BlackFideId "25957929"]
[WhiteElo "2064"]
[BlackElo "2024"]
[WhiteTeam "CUB"]
[BlackTeam "IND"]
[WhiteClock "0:00:55"]
[BlackClock "0:01:48"]

1. e4 e5 2. Bc4 Nc6 3. d3 Bc5 4. Qg4 Kf8 5. Qg3 Nf6 6. Ne2 h5 7. h3 h4 8. Qf3 Na5 9. Nbc3 Nxc4 10. dxc4 Be7 11. Bg5 d6 12. O-O-O Be6 13. Bxf6 Bxf6 14. Nd5 Bg5+ 15. Kb1 c6 16. Ne3 Bxe3 17. Qxe3 Bxc4 18. Nc3 Qe7 19. f4 b5 20. b3 Be6 21. f5 Bd7 22. Qd3 Rh6 23. Rd2 a5 24. Rhd1 a4 25. Qe3 axb3 26. axb3 Be8 27. Qb6 d5 28. exd5 Qa3 0-1

[Event "November 21 Early 2023"]
[Site "https://www.chess.com"]
[Date "2023.11.21"]
[Round "6"]
[White "Nikologorsky, Matfei"]
[Black "Ahmad, Khagan"]
[Result "0-1"]
[Board "81"]
[TimeControl "180+1"]
[WhiteFideId "24102474"]
[BlackFideId "13431552"]
[WhiteElo "2153"]
[BlackElo "2160"]
[WhiteTeam "FID"]
[BlackTeam "AZE"]
[WhiteClock "0:00:27"]
[BlackClock "0:00:15"]

1. e4 c5 2. Nf3 d6 3. d4 cxd4 4. Nxd4 Nf6 5. Nc3 a6 6. h3 e5 7. Nde2 Be6 8. g4 d5 9. exd5 Nxd5 10. Bg2 Bb4 11. Bd2 Nc6 12. O-O O-O 13. Ne4 Be7 14. c4 Nf6 15. b3 Qd3 16. Be3 Rad8 17. N2g3 Nxe4 18. Bxe4 Qxd1 19. Raxd1 g6 20. Bb6 Rxd1 21. Rxd1 Nd4 22. Bxd4 Rd8 23. Bxb7 exd4 24. Bxa6 Ra8 25. Bb7 Ra7 26. Bd5 Bxd5 27. cxd5 Rxa2 28. Ne4 f5 29. gxf5 gxf5 30. Ng3 Bc5 31. Rd3 f4 32. Nh5 Bd6 33. Rxd4 f3 34. Rd3 Ra1+ 35. Rd1 Rxd1# 0-1

[Event "November 21 Early 2023"]
[Site "https://www.chess.com"]
[Date "2023.11.21"]
[Round "6"]
[White "Osmak, Yuliia"]
[Black "Degenbaev, Aziz"]
[Result "0-1"]
[Board "82"]
[TimeControl "180+1"]
[WhiteFideId "14101602"]
[BlackFideId "13802640"]
[WhiteElo "2303"]
[BlackElo "2083"]
[WhiteTeam "UKR"]
[BlackTeam "KGZ"]
[WhiteClock "0:00:00"]
[BlackClock "0:00:03"]

1. e4 c5 2. Nf3 d6 3. Bb5+ Nd7 4. a4 a6 5. Be2 Ngf6 6. Nc3 g6 7. a5 Bg7 8. O-O O-O 9. d3 b5 10. axb6 Nxb6 11. Bf4 Bb7 12. Ra2 h6 13. h3 e5 14. Be3 Qe7 15. Qd2 Kh7 16. Nh2 d5 17. exd5 Nfxd5 18. Nxd5 Nxd5 19. Bf3 f5 20. Qc1 Rac8 21. Ra5 Nxe3 22. fxe3 e4 23. dxe4 fxe4 24. Bg4 Rxf1+ 25. Nxf1 Rf8 26. c3 Be5 27. Qe1 h5 28. Be2 Bc7 29. Ra1 Qd6 30. Rd1 Qe7 31. Bc4 Rf5 32. Qe2 Kh6 33. Bxa6 Bxa6 34. Qxa6 Qf7 35. Qe2 Be5 36. Nd2 Bb8 37. Rf1 Qc7 38. Rxf5 Qh2+ 39. Kf1 Bg3 40. Nf3 exf3 41. Qxf3 gxf5 42. Qc6+ Bd6 43. Qd5 Qe5 44. Qg8 Qg7 45. Qe6+ Qg6 46. Qd5 Bf8 47. Qc4 Qf6 48. Qd5 Qg6 49. Qc4 Kh7 50. Qd5 Bh6 51. Qxc5 Qe6 52. Qc7+ Kg6 53. Qc5 Bxe3 54. Qb5 Qe4 0-1

[Event "November 21 Early 2023"]
[Site "https://www.chess.com"]
[Date "2023.11.21"]
[Round "6"]
[White "Kuzhylnyi, Oleksandr"]
[Black "Kassimov, Baurzhan"]
[Result "0-1"]
[Board "83"]
[TimeControl "180+1"]
[WhiteFideId "34110500"]
[BlackFideId "13704800"]
[WhiteElo "2173"]
[BlackElo "2220"]
[WhiteTeam "UKR"]
[BlackTeam "KAZ"]
[WhiteClock "0:00:14"]
[BlackClock "0:00:07"]

1. c3 Nf6 2. d4 d6 3. Bg5 Nbd7 4. Nd2 e5 5. e4 Be7 6. Ngf3 O-O 7. Bd3 c6 8. O-O Re8 9. Re1 Qc7 10. Qc2 Nf8 11. Rad1 Ng6 12. Nh4 Nxh4 13. Bxh4 Nh5 14. Bxe7 Qxe7 15. g3 Bg4 16. Be2 Qg5 17. Nc4 Bxe2 18. Qxe2 Re6 19. dxe5 dxe5 20. Rd6 Rxd6 21. Nxd6 Rd8 22. Nc4 Nf4 23. Qf3 Rd3 24. Re3 Rxe3 25. Qxe3 b5 26. Nxe5 Nh3+ 27. Kg2 Qxe5 28. Kxh3 Qe6+ 29. Kg2 Qxa2 30. b4 h6 31. Qc5 Qe6 32. Qd4 a6 33. h4 h5 34. Qe3 g6 35. Qd4 Qg4 36. e5 Qe6 37. Qc5 Kg7 38. Kf3 Qf5+ 39. Ke3 Qe6 40. Qd6 Qc4 41. Qd4 Qe6 42. Qc5 Kh7 43. f3 Kg7 44. Kd4 Qa2 45. Qxc6 Qd2+ 46. Ke4 Qe2+ 47. Kd4 Qd2+ 48. Kc5 Qxc3+ 49. Kb6 Qxb4 50. Kxa6 Qa4+ 51. Kb6 Qd4+ 52. Qc5 Qd3 53. f4 b4 54. Qxb4 Qxg3 55. Qd4 Qxh4 56. e6+ Qf6 57. Kc5 Qxd4+ 58. Kxd4 fxe6 59. Ke3 Kf7 60. Kf2 Kf6 61. Kg3 Kf5 62. Kf3 g5 63. fxg5 Kxg5 0-1

[Event "November 21 Early 2023"]
[Site "https://www.chess.com"]
[Date "2023.11.21"]
[Round "6"]
[White "Sreyas Payyappat"]
[Black "Taboas Rodriguez, Daniel"]
[Result "1/2-1/2"]
[Board "84"]
[TimeControl "180+1"]
[WhiteFideId "46674969"]
[BlackFideId "2208466"]
[WhiteElo "2043"]
[BlackElo "2365"]
[WhiteTeam "IND"]
[BlackTeam "ESP"]
[WhiteClock "0:00:11"]
[BlackClock "0:00:12"]

1. e4 e5 2. Nf3 Nc6 3. Bc4 Bc5 4. c3 Nf6 5. d4 exd4 6. e5 d5 7. Bb5 Ne4 8. cxd4 Bb6 9. Nc3 O-O 10. Be3 Bg4 11. h3 Bh5 12. Qc2 Bg6 13. Qb3 Nxc3 14. bxc3 Na5 15. Qd1 c6 16. Bd3 Nc4 17. Qe2 Ba5 18. O-O Bxc3 19. Rac1 Ba5 20. Bxc4 dxc4 21. Qxc4 Bb6 22. Rfd1 Be4 23. Ng5 Bd5 24. Qd3 g6 25. Ne4 Bxe4 26. Qxe4 f5 27. Qf4 Qd5 28. a3 Rad8 29. Qh4 Qe4 30. Qxe4 fxe4 31. d5 Rxd5 32. Rxd5 cxd5 33. Bxb6 axb6 34. Rc7 Re8 35. Rxb7 Rxe5 36. Rxb6 d4 37. Kf1 Ra5 38. Re6 Rxa3 39. Rxe4 d3 40. Re1 Kf7 41. f3 Kf6 42. Kf2 Ra2+ 43. Kg3 Kf5 44. Rd1 Ra3 45. Kf2 Ra2+ 46. Kg3 d2 47. Kf2 h5 48. g3 h4 49. gxh4 Kf4 50. Ke2 Kg3 51. Rg1+ Kxh3 52. Rxg6 Kxh4 53. Rg4+ Kh5 54. Rd4 Kg5 55. Ke3 Kf5 56. Rd5+ Ke6 57. Rxd2 Rxd2 58. Kxd2 Kf5 59. Ke3 Ke5 60. f4+ Kf5 61. Kf3 Kf6 1/2-1/2